 Dungeon Crawl Stone Soup version 0.19.3-4-gbf9329e (webtiles) character file.

4760 Naow the Infuser (level 10, -8/56 HPs)
             Began as a Deep Elf Conjurer on Jan 27, 2017.
             Was a Believer of Vehumet.
             Mangled by a manticore (17 damage)
             ... on level 8 of the Dungeon.
             The game lasted 00:26:58 (10524 turns).

Naow the Infuser (Deep Elf Conjurer)               Turns: 10524, Time: 00:26:59

Health: -8/56      AC:  5    Str:  5    XL:     10   Next: 23%
Magic:  10/23      EV: 17    Int: 24    God:    Vehumet [**....]
Gold:   414        SH:  0    Dex: 15    Spells: 6 memorised, 7 levels left

rFire  + . .     SeeInvis .     K - staff of fire
rCold  . . .     Gourm    .     a - +0 robe
rNeg   . . .     Faith    .     (no shield)
rPois  .         Spirit   .     (no helmet)
rElec  .         Reflect  .     k - +0 cloak
rCorr  .         Harm     .     (no gloves)
MR     +....                    p - +1 pair of boots
Stlth  +++.......               V - amulet of regeneration
                                F - ring of wizardry
                                T - ring of stealth

@: drained
A: no striking features
a: Renounce Religion


You were on level 8 of the Dungeon.
You worshipped Vehumet.
Vehumet was pleased with you.
You were hungry.

You visited 2 branches of the dungeon, and saw 9 of its levels.
You also visited: Sewer and Ossuary.

You collected 510 gold pieces.
You spent 96 gold pieces at shops.

Inventory:

Hand Weapons
 m - a +1 dagger
Armour
 a - a +0 robe (worn)
 k - a +0 cloak (worn)
 p - a +1 pair of boots (worn)
 z - a +0 leather armour
Magical Staves
 K - an uncursed staff of fire (weapon)
Jewellery
 F - a ring of wizardry (right hand)
 I - an uncursed ring of positive energy
 P - an uncursed ring of positive energy
 T - a ring of stealth (left hand)
 V - an amulet of regeneration (around neck)
Wands
 G - a wand of disintegration (22/24)
Scrolls
 e - 9 scrolls of identify
 f - 2 scrolls of blinking
 g - 2 scrolls of noise
 h - a scroll of recharging
 i - 4 scrolls of teleportation
 j - 2 scrolls of fog
 t - 3 scrolls of magic mapping
 v - a scroll of remove curse
 B - 6 scrolls of enchant weapon
 H - a scroll of random uselessness
Potions
 n - 2 potions of might
 o - a potion of cure mutation
 q - a potion of resistance {unknown}
 r - a potion of cancellation {unknown}
 u - 2 potions of agility
 w - 5 potions of flight
 A - 6 potions of curing
 D - 3 potions of heal wounds
 J - a potion of berserk rage {unknown}
 L - a potion of haste {unknown}
 O - a potion of degeneration {unknown}
 Q - 2 potions of invisibility {unknown}
 U - a potion of ambrosia
Books
 b - a book of Conjurations

   Spells                             Type                      Level
   a - Magic Dart                     Conjuration                  1
   b - Searing Ray                    Conjuration                  2
   c - Dazzling Spray                 Conjuration/Hexes            3
   d - Fulminant Prism                Conjuration/Hexes            4
   e - Iskenderun's Mystic Blast      Conjuration                  4
   f - Iskenderun's Battlesphere      Conjuration/Charms           5
 y - a book of Party Tricks

   Spells                             Type                      Level
   a - Summon Butterflies             Summoning                    1
   b - Apportation                    Translocation                1
   c - Lesser Beckoning               Translocation                3
   d - Tukima's Dance                 Hexes                        3
   e - Alistair's Intoxication        Transmutation/Poison         5
   f - Invisibility                   Hexes                        6
Comestibles
 c - 8 bread rations
 d - 2 slices of pizza
 l - 3 fruits
 s - 6 chunks of flesh
 x - 7 beef jerkies
 M - a meat ration
 Z - a royal jelly


   Skills:
 + Level 3.2(3.1) Fighting
 * Level 7.6 Dodging
 - Level 2.4(2.3) Stealth
 + Level 7.9(7.8) Spellcasting
 + Level 8.6(8.5) Conjurations
 - Level 5.8 Hexes
 - Level 12.0(11.9) Charms


You had 7 spell levels left.
You knew the following spells:

 Your Spells              Type           Power        Failure   Level  Hunger
a - Magic Dart            Conj           ####         1%          1    None
b - Searing Ray           Conj           ######       1%          2    None
c - Iskenderun's Battles  Conj/Chrm      ######..     1%          5    #####..
d - Iskenderun's Mystic   Conj           ######..     1%          4    ###....
e - Fulminant Prism       Conj/Hex       #####.....   1%          4    ###....
f - Apportation           Tloc           #.........   4%          1    None


Dungeon Overview and Level Annotations

Branches:
Dungeon (8/15)             Temple (1/1) D:6
   Lair: D:8-11

Altars:
Ashenzari
Cheibriados
Dithmenos
Gozag
Hepliaklqana
Kikubaaqudgha
Makhleb
Qazlal
Ru
Sif Muna
Trog
Vehumet
Xom
Yredelemnul

Shops:
D:4 !   D:5 (=(


Message History

Confirm with . or Enter, or press ? or * to list all spells.
Aiming: Magic Dart
Press: ? - help, Shift-Dir - straight line, f/p - hornet
Aim: a hornet The magic dart hits the manticore.
The manticore is lightly wounded.
The manticore bites you. The manticore barely misses you.
The manticore claws you!
Casting: Magic Dart
Confirm with . or Enter, or press ? or * to list all spells.
Aiming: Magic Dart
Press: ? - help, Shift-Dir - straight line, f/p - hornet
Aim: a hornet The magic dart hits the manticore.
The manticore is lightly wounded.
The manticore bites you!!
* * * LOW HITPOINT WARNING * * *
The manticore closely misses you. x2
The manticore bites you!
You die...

#####.######...#$#[#.#
### ##..#(#.#.#
#..#$#c#.# #..#?#C#.#
##.#=#c#.# #.#?#y#.#
#.#|#z#.# #.##H##.#
#..@*...# #########


You could see a manticore, a hornet, a wight and a friendly battlesphere.

Vanquished Creatures
  The ghost of Tagedieb the Covert, a novice OpEn of Uskayaw (D:8)
  Prince Ribbit (D:7)
  Grinder (D:3)
  3 hippogriffs
  Sigmund (D:3)
  An ice beast (D:8)
  An orc warrior (D:6)
  A phantom (D:4)
  6 ogres
  A centaur (D:6)
  Blork the orc (D:6)
  5 bullfrogs
  A water moccasin zombie (Ossuary)
  2 water moccasin skeletons (D:7)
  A scorpion (D:7)
  2 centaur zombies (D:7)
  2 jellies
  2 bullfrog zombies (Ossuary)
  2 crimson imps
  4 hounds
  A centaur skeleton (D:7)
  Crazy Yiuf (D:2)
  A bullfrog skeleton (D:4)
  3 orc priests
  6 orc wizards
  An iguana (D:4)
  Ijyb (D:2)
  9 worker ants
  A siren (Sewer)
  3 killer bee zombies
  A merfolk avatar (Sewer)
  2 hound zombies (Ossuary)
  15 mummies (Ossuary)
  4 worker ant zombies (Ossuary)
  11 adders
  2 river rats (Sewer)
  A shadow imp (D:6)
  5 oozes
  3 adder zombies (Ossuary)
  5 worms
  2 dart slugs
  5 leopard geckos
  18 orcs
  3 ball pythons
  7 bats
  3 giant cockroaches
  5 goblins
  5 hobgoblins
  8 jackals
  4 kobolds
  A quokka (D:6)
  7 frilled lizards
  A jackal skeleton (D:4)
  A jackal zombie (Ossuary)
  An orc zombie (D:8)
  2 quokka zombies
  31 rats
219 creatures vanquished.

Vanquished Creatures (others)
  3 withered plants (Ossuary)
3 creatures vanquished.

Grand Total: 222 creatures vanquished

Notes
Turn   | Place    | Note
-------+----------+-------------------------------------------
     0 | D:1      | Naow the Deep Elf Conjurer began the quest for the Orb.
     0 | D:1      | Reached XP level 1. HP: 10/10 MP: 6/6
   484 | D:1      | Reached XP level 2. HP: 15/15 MP: 4/8
   557 | D:1      | Learned a level 2 spell: Searing Ray
   714 | D:1      | Reached skill level 5 in Conjurations
  1047 | D:2      | Reached XP level 3. HP: 19/19 MP: 1/10
  1211 | D:2      | Noticed Ijyb
  1219 | D:2      | Killed Ijyb
  1500 | D:2      | Reached XP level 4. HP: 24/24 MP: 3/12
  1806 | D:2      | Found a hazy altar of Hepliaklqana.
  1808 | D:2      | Found a shadowy altar of Dithmenos.
  2063 | D:2      | Found a runed door.
  2251 | D:2      | Noticed Crazy Yiuf
  2254 | D:2      | Killed Crazy Yiuf
  2254 | D:2      | Reached XP level 5. HP: 28/28 MP: 10/14
  2544 | D:3      | Noticed Sigmund
  2568 | D:3      | Killed Sigmund
  2568 | D:3      | Reached skill level 5 in Spellcasting
  2568 | D:3      | Reached XP level 6. HP: 29/32 MP: 8/16
  2575 | D:3      | Learned a level 5 spell: Iskenderun's Battlesphere
  2580 | D:3      | Learned a level 4 spell: Iskenderun's Mystic Blast
  2585 | D:3      | Learned a level 4 spell: Fulminant Prism
  2670 | D:3      | Noticed Grinder
  2682 | D:3      | Killed Grinder
  2682 | D:3      | Reached skill level 3 in Charms
  2886 | D:3      | Found a glowing drain.
  2895 | Sewer    | Entered a sewer
  3020 | Sewer    | Reached XP level 7. HP: 36/36 MP: 14/17
  3420 | Sewer    | Reached skill level 4 in Charms
  4012 | D:3      | Reached skill level 5 in Hexes
  4012 | D:3      | Reached skill level 5 in Charms
  4616 | D:4      | Reached skill level 6 in Charms
  4690 | D:4      | Reached XP level 8. HP: 28/41 MP: 1/18
  4800 | D:4      | Reached skill level 7 in Charms
  4914 | D:4      | Found a shimmering altar of Xom.
  4920 | D:4      | Found an ancient bone altar of Kikubaaqudgha.
  4942 | D:4      | Found Sitriushruu's Distillery.
  4950 | D:4      | Bought a potion of heal wounds for 60 gold pieces
  4950 | D:4      | Bought a potion of curing for 36 gold pieces
  5119 | D:4      | Reached skill level 8 in Charms
  5487 | D:5      | Entered Level 5 of the Dungeon
  5612 | D:5      | Found Deroapha's Jewellery Boutique.
  5620 | D:5      | Found Byophico's Weapon Boutique.
  5641 | D:5      | Reached skill level 9 in Charms
  6259 | D:5      | Found Casmumit's Antique Weapon Boutique.
  6326 | D:6      | Reached skill level 10 in Charms
  6677 | D:6      | Found a sacrificial altar of Ru.
  6783 | D:6      | Noticed Blork the orc
  6789 | D:6      | Killed Blork the orc
  6789 | D:6      | Reached skill level 11 in Charms
  7154 | D:6      | Found a staircase to the Ecumenical Temple.
  7219 | Temple   | Entered the Ecumenical Temple
  7249 | Temple   | Became a worshipper of Vehumet
  7515 | D:6      | Reached skill level 12 in Charms
  7515 | D:6      | Reached XP level 9. HP: 45/45 MP: 13/19
  7749 | D:7      | Noticed Prince Ribbit
  7761 | D:7      | Killed Prince Ribbit
  7890 | D:7      | Reached skill level 1 in Fighting
  8152 | D:7      | Reached skill level 5 in Dodging
  8926 | D:8      | Found a sand-covered staircase.
  8940 | Ossuary  | Entered an ossuary
  8950 | Ossuary  | Reached * piety under Vehumet
  8950 | Ossuary  | Offered knowledge of Shock by Vehumet.
  9842 | D:8      | Reached ** piety under Vehumet
  9917 | D:8      | Offered knowledge of Sandblast by Vehumet.
  9917 | D:8      | Reached XP level 10. HP: 44/55 MP: 14/22
 10261 | D:8      | Noticed Tagedieb's ghost (novice OpEn)
 10275 | D:8      | Killed Tagedieb's ghost
 10462 | D:8      | Noticed a manticore
 10466 | D:8      | Noticed a hill giant
 10468 | D:8      | Noticed a centaur warrior
 10500 | D:8      | Learned a level 1 spell: Apportation
 10524 | D:8      | Mangled by a manticore

Skill      XL: |  1  2  3  4  5  6  7  8  9 10 |
---------------+-------------------------------+-----
Conjurations   | 5 6 7 8 |  8.6
Spellcasting   | 4 5 7 |  7.9
Hexes          | 3 5 |  5.8
Charms         | 3 6 12 | 12.0
Dodging        | 6 7 |  7.6
Fighting       | 2 3 |  3.2
Stealth        | |  2.4

Action                   |  1- 3 |  4- 6 |  7- 9 | 10-12 || total
-------------------------+-------+-------+-------+-------++-------
Melee: Staff             |       |       |    64 |     1 ||    65
 Cast: Magic Dart        |    54 |    63 |   271 |    23 ||   411
       Searing Ray       |     1 |     4 |    65 |     4 ||    74
       Iskenderun's Batt |       |       |    15 |     4 ||    19
Evoke: Wand              |       |       |       |     1 ||     1
  Use: Potion            |       |       |     5 |       ||     5
       Scroll            |       |       |       |    12 ||    12
  Eat: Chunk             |     2 |     4 |    22 |     2 ||    30
       Royal jelly       |       |       |     1 |       ||     1
       Beef jerky        |       |       |     1 |       ||     1
Armor: Robe              |     3 |     2 |    31 |     4 ||    40
       Skin              |       |       |    12 |       ||    12
Dodge: Dodged            |     4 |     5 |   125 |    17 ||   151
